 Dungeon Crawl Stone Soup version bcrawl-1.40.3b (webtiles) character file.

Game seed: 16309186937990003311

184107 Amelense the Cudgeler (level 6, 0/65 HPs)
             Began as an Ent Sloth Apostle on Feb 6, 2024.
             Was a Priest of Cheibriados.
             Succumbed to an orc wizard's poison
             ... on level 4 of the Dungeon.
             The game lasted 00:17:57 (3164 turns).

Amelense the Cudgeler (Ent Sloth Apostle)           Turns: 3164, Time: 00:17:57

Health: 0/65       AC: 17    Str: 32    XL:     6   Next: 40%
Magic:  6/7        EV: 13    Int: 18    God:    Cheibriados [***...]
Gold:   244        SH: 10    Dex: 21    Spells: 8/9 levels left

rFire    . . .     GDR:     38% a - +0 mace
rCold    + . .     SeeInvis .   b - +0 medium shield
rNeg     + + +     Gourm    .   (armour unavailable)
rPois    +         Faith    .   o - +2 hat
rElec    +         Spirit   .   (no cloak)
rCorr    .         Reflect  .   (gloves unavailable)
MR       .....     Clarity  +   (boots unavailable)
Stlth    ++++......             (no amulet)
HPRegen  0.20/turn              q - ring of insulation
MPRegen  0.10/turn              (no ring)

@: mighty, agile, lethally poisoned (0 -> -1), very slow
A: large, slow actions, passwall, strong branches, iridescent scales 1, cold
resistance 1, low mp 2, negative energy resistance 3, poison resistance, slow
metabolism 1, torment resistance, unbreathing, AC +13
a: Passwall, Bend Time, Defer, Temporal Distortion, Renounce Religion


You were on level 4 of the Dungeon.
You worshipped Cheibriados.
Cheibriados was most pleased with you.
You were hungry.

You visited 1 branch of the dungeon, and saw 4 of its levels.

You collected 244 gold pieces.

Inventory:

Hand Weapons
 a - a +0 mace (weapon)
 g - a +0 dagger of venom
 y - the +2 Maxwell's thermic engine {flame, freeze}
   (You found it on level 4 of the Dungeon)

   It has been specially enchanted to surge with flame as it hits, increasing
   damage dealt by approximately one third against foes not resistant or
   susceptible to fire.
   Its heat also prevents any hydra heads it cuts off from regrowing.
Missiles
 p - 48 javelins (quivered)
 z - 130 stones
Armour
 b - a +0 medium shield (worn)
 m - a +1 hat
 o - a +2 hat (worn)
Jewellery
 q - a ring of insulation (left hand)
Wands
 c - a wand of paralysis (10)
Scrolls
 d - 2 scrolls of revelation {unknown}
 f - 2 scrolls of amnesia {unknown}
 j - a scroll of noise {unknown}
 n - 2 scrolls of teleportation
 r - a scroll of immolation {unknown}
 t - a scroll of remove curse {unknown}
 w - 2 scrolls of enchant armour {unknown}
Potions
 k - a potion of magic {unknown}
 l - 3 potions of berserk rage
 s - 2 potions of flight
 u - 2 potions of degeneration
 B - a potion of cancellation {unknown}
Comestibles
 e - 8 rations {!d}
 A - 5 chunks of flesh


   Skills:
 * Level 3.6 Fighting
 * Level 4.7 Maces & Flails
 + Level 1.8 Dodging
 + Level 4.5 Stealth
 + Level 2.7 Shields
 + Level 2.0 Spellcasting
 + Level 2.6 Hexes
 + Level 0.8 Evocations


You had 8 spell levels left.
You knew the following spells:

 Your Spells              Type           Power        Failure   Level  Hunger
a - Slow                  Hex            ##......     34%         1    None
Your spell library was empty.

Dungeon Overview and Level Annotations

Branches:
Dungeon (4/12)
 Temple: D:4-7

Altars:
Xom


Innate Abilities, Weirdness & Mutations

You move and act slowly.
You can pass through walls and trees.
Your branches can wield two-handed weapons with a shield.
Your thick bark is tough. (AC +13)
You are too large for most types of armour.
You are immune to negative energy. (rN+++)
Your system is resistant to poisons. (rPois)
You have a slow metabolism.
You are immune to unholy pain and torment.
You can survive without breathing.
You are partially covered in iridescent scales. (AC +2)
Your flesh is cold resistant. (rC+)
Your magical capacity is very low. (-20% MP)


Message History

* * * LOW HITPOINT WARNING * * *
You feel sick.
* * * LOW HITPOINT WARNING * * *
You feel sick.
* * * LOW HITPOINT WARNING * * *
You feel sick.
Some of the chunks of flesh in your inventory have rotted away.
As you read the scroll of identify, it crumbles to dust.
u - 2 potions of degeneration It was a potion of agility.
You feel agile all of a sudden.
* * * LOW HITPOINT WARNING * * *
You feel sick.
It was a potion of mutation.
You feel extremely strange.
You feel less energetic.
Iridescent scales grow over part of your body.
You feel less energetic.
You feel resistant to cold.
It was a potion of might.
You feel very mighty all of a sudden.
You die...

#.......
+......#####
#..........# .
#.......>..##### .
#..........#...# ..
#..........#...# ..
#..........#...#
...#..#..)........#
########
...#..#.........@.#
#......#
...'..#.....)...####
#......#
####..#...###......#
#......# ......#...#
#......# #......#
......#...# #......#
#......# ......#...#
#...[..# #......#
#######...#
#####.######รท#####
..........#
#...............#
..........#
####.##.##..#.###


There were no monsters in sight!

Vanquished Creatures
  2 orc priests (D:3)
  A crimson imp (D:4)
  A hound (D:4)
  An orc wizard (D:4)
  A bullfrog skeleton (D:4)
  An iguana (D:4)
  5 adders
  2 oozes
  4 worms
  4 leopard geckos
  11 orcs
  3 giant cockroaches (D:2)
  9 goblins
  6 hobgoblins
  6 bats
  3 frilled lizards
  A jackal skeleton (D:4)
  10 kobolds
  7 rats
78 creatures vanquished.

Notes
Turn   | Place    | Note
-------+----------+-------------------------------------------
     0 | D:1      | Amelense the Ent Sloth Apostle began the quest for the Orb.
     0 | D:1      | Reached XP level 1. HP: 22/22 MP: 2/2
   255 | D:1      | Reached XP level 2. HP: 32/32 MP: 3/3
   478 | D:1      | Found a shimmering altar of Xom.
   999 | D:2      | Reached XP level 3. HP: 29/40 MP: 4/4
  1067 | D:2      | Reached * piety under Cheibriados
  1104 | D:2      | Reached skill level 1 in Dodging
  1740 | D:2      | Reached ** piety under Cheibriados
  1741 | D:2      | Reached XP level 4. HP: 45/49 MP: 5/5
  2306 | D:3      | Reached XP level 5. HP: 25/57 MP: 1/7
  2478 | D:3      | Found a faded altar of an unknown god.
  2945 | D:4      | Found the +2 Maxwell's thermic engine {flame, freeze}
  2986 | D:4      | Reached XP level 6. HP: 54/65 MP: 4/8
  3147 | D:4      | Reached *** piety under Cheibriados
  3157 | D:4      | HP: 3/65 [poisoned by an orc wizard]
  3160 | D:4      | HP: 1/65 [poisoned by an orc wizard]
  3163 | D:4      | Gained mutation: Your magical capacity is low. (-10% MP)
                  | [potion of mutation]
  3163 | D:4      | Gained mutation: You are partially covered in iridescent
                  | scales. (AC +2) [potion of mutation]
  3163 | D:4      | Gained mutation: Your magical capacity is very low. (-20%
                  | MP) [potion of mutation]
  3163 | D:4      | Gained mutation: Your flesh is cold resistant. (rC+)
                  | [potion of mutation]
  3164 | D:4      | Succumbed to an orc wizard's poison

Skill      XL: |  1  2  3  4  5  6 |
---------------+-------------------+-----
Stealth        | 4 |  4.5
Fighting       | 3 |  3.6
Dodging        | 1 |  1.8
Maces & Flails | 3 4 |  4.7
Shields        | 2 |  2.7
Spellcasting   | 2 |  2.0
Hexes          | |  2.6
Evocations     | |  0.8

Action                   |  1- 3 |  4- 6 || total
-------------------------+-------+-------++-------
Melee: Mace              |   117 |   128 ||   245
Throw: Javelin           |     2 |     3 ||     5
 Cast: Slow              |    14 |    20 ||    34
Invok: Bend Time         |       |     3 ||     3
  Use: Scroll            |       |     6 ||     6
       Potion            |       |     3 ||     3
 Stab: Sleeping          |     7 |     2 ||     9
       Distracted        |       |     1 ||     1
  Eat: Chunk             |     7 |     7 ||    14
Armor: Skin              |    92 |   133 ||   225
Dodge: Dodged            |    38 |    74 ||   112
Block: Medium shield     |    84 |   110 ||   194
